 Dungeon Crawl Stone Soup version 0.29-a0-565-g7a16c6de65 (webtiles) character file.

Game seed: 3165745353033130859

175680 Bruhh the Brawler (level 17, -1/165 (170) HPs)
             Began as a Troll Gladiator on June 11, 2022.
             Was the Champion of Okawaru.
             Killed from afar by a shock serpent (27 damage)
             ... with a bolt of electricity
             ... on level 4 of the Snake Pit.
             The game lasted 01:21:36 (27342 turns).

Bruhh the Brawler (Troll Gladiator)                Turns: 27342, Time: 01:21:37

HP:   -1/165 (170)  AC: 33    Str: 35    XL:     17   Next: 22%
MP:   33/33         EV:  7    Int: 15    God:    Okawaru [******]
Gold: 1370          SH: 25    Dex: 11    Spells: 16/16 levels left

rFire   + + .      SeeInvis .     - Unarmed
rCold   . . .      Faith    .   l - +10 tower shield of Ignorance {rN+ Int-4}
rNeg    + . .      Spirit   .   p - +9 gold dragon scales "Wefelekh" {rPois rF+ rC+ Will- Int+6}
rPois   +          Reflect  .   R - +3 hat of Pondering {ponderous, Will+ MP+10 Int+5}
rElec   .          Harm     .   a - +0 cloak
rCorr   +          Rampage  .   (gloves unavailable)
Will    +++..                   (boots unavailable)
Stlth   ..........              L - amulet of regeneration
HPRegen 1.97/turn               X - ring "Sijiozai" {+Blink Will+ rCorr EV+4 Str+3}
MPRegen 0.23/turn               y - ring "Kiwot" {Fire Will+ Int+4 Stlth+}

@: lethally poisoned (-1 -> -1), slowed, lightly drained, very slow
A: large, unfitting armour, claws 3, regeneration 1, shaggy fur 1, tough skin 1,
mutation resistance 1, poison resistance
}: 1/15 runes: decaying
a: Renounce Religion, Evoke Blink, Heroism, Finesse, Duel


You were on level 4 of the Snake Pit.
You worshipped Okawaru.
Okawaru was exalted by your worship.
You visited 6 branches of the dungeon, and saw 28 of its levels.
You visited 1 bazaar.
You also visited: Trove and Bailey.

You collected 4424 gold pieces.
You spent 3054 gold pieces at shops.

Inventory:

Missiles
 c - 5 throwing nets
 d - 15 large rocks
 z - 14 javelins
 E - 21 boomerangs (quivered)
Armour
 a - a +0 cloak (worn)
 l - the +10 tower shield of Ignorance (worn) {rN+ Int-4}
   (You bought it in a shop on level 7 of the Dungeon)

   Int:       It affects your intelligence (-4).
   rN:        It protects you from negative energy.
 p - the +9 gold dragon scales "Wefelekh" (worn) {rPois rF+ rC+ Will- Int+6}
   (You acquired it in a bailey)

   Int:       It affects your intelligence (+6).
   rF:        It protects you from fire.
   rC:        It protects you from cold.
   rPois:     It protects you from poison.
   Will:      It decreases your willpower.
 R - the +3 hat of Pondering (worn) {ponderous, Will+ MP+10 Int+5}
   (You acquired it on level 1 of the Swamp)

   Int:       It affects your intelligence (+5).
   MP:        It affects your magic capacity (+10).
   Will:      It increases your willpower.
 T - a +2 hat of see invisible
Jewellery
 b - the ring "Yblob" {rElec EV+4 Dex+2}
   (You found it on level 3 of the Lair of Beasts)

   [ring of evasion]

   EV:        It affects your evasion (+4).
   Dex:       It affects your dexterity (+2).
   rElec:     It insulates you from electricity.
 v - a +6 ring of strength
 y - the ring "Kiwot" (right claw) {Fire Will+ Int+4 Stlth+}
   (You bought it in a shop in a bazaar)

   [ring of fire]

   It enhances your fire magic.
   Int:       It affects your intelligence (+4).
   rF:        It protects you from fire.
   rC:        It makes you vulnerable to cold.
   Will:      It increases your willpower.
   Stlth:     It makes you more stealthy.
 L - an amulet of regeneration (around neck)
 O - a ring of fire
 X - the ring "Sijiozai" (left claw) {+Blink Will+ rCorr EV+4 Str+3}
   (You bought it in a shop in a bazaar)

   [ring of evasion]

   EV:        It affects your evasion (+4).
   Str:       It affects your strength (+3).
   +Blink:    It lets you blink.
   rCorr:     It protects you from acid and corrosion.
   Will:      It increases your willpower.
 Y - a ring of protection from cold
 Z - a ring of ice
Wands
 q - a wand of mindburst (24)
 r - a wand of iceblast (28)
 w - a wand of digging (3)
 C - a wand of polymorph (36)
 I - a wand of paralysis (14)
 M - a wand of flame (33)
 Q - a wand of acid (16)
Scrolls
 f - 4 scrolls of teleportation
 h - 6 scrolls of vulnerability
 i - 3 scrolls of magic mapping
 j - 2 scrolls of fear
 t - 3 scrolls of enchant weapon
 x - 3 scrolls of enchant armour
 B - 8 scrolls of identify
 D - 5 scrolls of fog
 F - a scroll of brand weapon
 J - 3 scrolls of amnesia
 N - a scroll of blinking
 U - 3 scrolls of poison
Potions
 e - 2 potions of heal wounds
 g - 12 potions of ambrosia
 k - 6 potions of flight
 m - 5 potions of invisibility
 n - 4 potions of lignification
 o - 11 potions of curing
 s - 3 potions of resistance
 u - 2 potions of haste
 A - 3 potions of brilliance
 G - 3 potions of magic
 H - 16 potions of mutation
 K - 3 potions of degeneration {unknown}
 S - 3 potions of attraction
 V - 2 potions of cancellation {unknown}
 W - a potion of might
Miscellaneous
 P - a phial of floods


   Skills:
 + Level 11.3 Fighting
 - Level 15.0 Throwing
 + Level 11.0 Armour
 - Level 2.4 Dodging
 - Level 10.0 Shields
 - Level 15.0 Unarmed Combat
 - Level 10.0 Invocations


You had 16 spell levels left.
You didn't know any spells.
Your spell library contained the following spells:

 Spells                   Type           Power      Damage    Failure   Level
 Apportation              Tloc           0%         N/A       100%        1
 Foxfire                  Conj/Fire      0%         2x1d4     100%        1
 Freeze                   Ice            0%         1d3       100%        1
 Necrotize                Necr           0%         1d4       100%        1
 Sandblast                Erth           0%         2d4       100%        1
 Ensorcelled Hibernation  Hex/Ice        0%         N/A       100%        2
 Passwall                 Tmut/Erth      0%         N/A       100%        2
 Scorch                   Fire           0%         2d5       100%        2
 Static Discharge         Conj/Air       0%         N/A       100%        2
 Sublimation of Blood     Necr           0%         N/A       100%        2
 Conjure Flame            Conj/Fire      0%         6-21      100%        3
 Dazzling Flash           Conj/Hex       0%         N/A       100%        3
 Frozen Ramparts          Ice            0%         1d2       100%        3
 Ignite Poison            Fire/Tmut/Pois 0%         N/A       100%        3
 Inner Flame              Hex/Fire       0%         N/A       100%        3
 Ozocubu's Armour         Ice            0%         N/A       100%        3
 Stone Arrow              Conj/Erth      0%         3d7       100%        3
 Swiftness                Air            0%         N/A       100%        3
 Vampiric Draining        Necr           0%         2d6       100%        3
 Airstrike                Air            0%         N/A       100%        4
 Corpse Rot               Necr/Pois/Air  0%         N/A       100%        4
 Dispel Undead            Necr           0%         3d6       100%        4
 Flame Wave               Conj/Fire      0%         2d4       100%        4
 Hailstorm                Conj/Ice       0%         3d3       100%        4
 Olgreb's Toxic Radiance  Pois           0%         N/A       100%        4
 Passage of Golubria      Tloc           0%         N/A       100%        4
 Petrify                  Tmut/Erth      0%         N/A       100%        4
 Sticky Flame             Conj/Fire      0%         2d3       100%        4
 Agony                    Necr           0%         N/A       100%        5
 Irradiate                Conj/Tmut      0%         3d13      100%        5
 Lightning Bolt           Conj/Air       0%         1d11      100%        5
 Metabolic Englaciation   Hex/Ice        0%         N/A       100%        5
 Silence                  Hex/Air        0%         N/A       100%        5
 Ozocubu's Refrigeration  Ice            0%         4d5       100%        7
 Lehudib's Crystal Spear  Conj/Erth      0%         10d2      100%        8
 Summon Small Mammal      Summ           Unusable   N/A       N/A         1
 Summon Lightning Spire   Summ/Air       Unusable   N/A       N/A         4
 Death Channel            Necr           Unusable   N/A       N/A         6
 Simulacrum               Ice/Necr       Unusable   N/A       N/A         6
 Summon Cactus Giant      Summ           Unusable   N/A       N/A         6
 Spellforged Servitor     Conj/Summ      Unusable   N/A       N/A         7
 Summon Hydra             Summ           Unusable   N/A       N/A         7

Dungeon Overview and Level Annotations

Branches:
Dungeon (11/15)            Temple (1/1) D:6            Lair (6/6) D:11
  Swamp (4/4) Lair:2        Snake (4/4) Lair:4        Slime (0/5) Lair:6
    Orc (2/2) D:10            Elf (0/3) Orc:2        Bailey (visited)

Altars:
Cheibriados
Dithmenos
Fedhas
Makhleb
Nemelex Xobeh
Okawaru
Qazlal
Ru
Trog
Uskayaw
Wu Jian
Xom
Yredelemnul
Zin
Beogh

Shops:
D:7 ?[   Orc:2 ([[:*

Annotations:
D:9 2 transporters, supermoro's ghost, novice GrFi
Lair:5 2 runed translucent doors, Iwniur's ghost, journeyman DDGl
Orc:1 2 transporters


Innate Abilities, Weirdness & Mutations

You are too large for most types of armour.
You have claws for hands.
Your natural rate of healing is unusually fast.
You are covered in fur. (AC +1)
You have tough skin. (AC +1)
You are somewhat resistant to further mutation.
Your system is resistant to poisons. (rPois)


Message History

* * * LOW HITPOINT WARNING * * *
You feel yourself slow down. The nagaraja constricts you.
* * * LOW HITPOINT WARNING * * *
Okay, then.
As you read the scroll of teleportation, it crumbles to dust.
You feel strangely unstable.
You feel very sick. You block the nagaraja's attack.
The nagaraja constricts you.
* * * LOW HITPOINT WARNING * * *
The naga mage gestures at something while chanting.
The naga mage cries, "Mercy!"
The naga sharpshooter shoots an arrow.
You block the arrow.
The nagaraja hits you but does no damage.
The nagaraja constricts you.
A naga sharpshooter comes into view.
It is wielding a +2 battleaxe of freezing.
The naga sharpshooter shoots an arrow.
The arrow hits you but does no damage.
The naga mage wails, "Oh dear!
Oh dear!"
You block the nagaraja's attack. The nagaraja constricts you.
You feel much better.
Your surroundings suddenly seem different.
Something loses its grip on you.
A guardian serpent, 4 nagas, an anaconda and a shock serpent come into view.
Found 16 gold pieces.
You feel very sick.
The guardian serpent shouts!
The naga warrior shouts!
The naga shouts! x2
The anaconda hisses angrily.
The shock serpent hisses angrily.
You block the shock serpent's attack. The naga hits you but does no damage.
You block the naga's attack. The guardian serpent hits you!
* * * LOW HITPOINT WARNING * * *
The shock serpent bites you but does no damage.
The naga hits you but does no damage. You block the naga's attack.
Blink to where?
Press: ? - help, Dir - move target
As you read the scroll of blinking, it crumbles to dust.
You feel very sick. The naga spits poison at you.
You block the splash of poison.
The shock serpent shoots out a bolt of lightning at you!
The bolt of electricity hits you!!
You die...

***** ********...##* ###
*,,,**,,.....##* #.## **
**,,,,,,.......####..###### **,
***,,,,,,..........N......# *,,
*,,,,,,,**#...............# **,,
**,*******,*#......S..N....# *,,,
,,,**,,,*+*,#........S.N...# *,,,
,,,+,,,,,,*,#...@...S......# *,,,
*,,*,*,,,,**#...###........# *,,,
****,*,,,***#..#* ###..$...#**,,*
**,,*,,,*#..* ##.N...#*,,,* *
*,,**,,,#..,* *......#*,,**
***********#..** ***......#*,,**
,,**,,,,,,,+.,*****,.......#*,,,,
,,,**,,,,,*#.,,,,,,,,,,,,,,**,,*,
,,,*,,,,,,**,,,,,,,,,,,,,,,**,,,,


You could see a naga warrior, an anaconda, a shock serpent, a guardian serpent
and 3 nagas.

Vanquished Creatures
  A tentacled monstrosity (Swamp:2)
  Kirke (Arena)
  A fenstrider witch (Arena)
  2 orc warlords
  2 ghouls (Swamp:2)
  4 eleionomae
  Azrael (Orc:2)
  Nessos (Orc:2)
  4 bunyips
  2 dire elephants
  An ettin (Orc:2)
  3 fire dragons (Swamp:4)
  A shambling mangrove (Swamp:2)
  3 salamander tyrants
  18 hydras
  Erolcha (Orc:2)
  2 ghost crabs
  2 catoblepae
  9 anacondas
  3 boulder beetles
  5 naga warriors
  A merfolk avatar (Lair:6)
  3 two-headed ogres
  9 alligators
  4 death yaks
  12 naga sharpshooters
  Urug (Lair:4)
  2 orc high priests (Orc:2)
  3 shock serpents
  3 fire crabs
  2 skeletal warriors (D:11)
  4 goliath frogs
  2 spriggan druids
  4 salamander mystics
  9 sea snakes
  10 swamp dragons
  2 lindwurms
  5 orc knights
  Pikel (D:5)
  4 bog bodies
  3 naga ritualists
  3 mana vipers
  3 orc sorcerers (Orc:2)
  A cyclops (D:11)
  12 salamanders
  2 will-o-the-wisps
  2 shining eyes (Trove)
  7 centaur zombies (D:11)
  3 manticores (Lair:6)
  10 naga magi
  2 elephants (Lair:6)
  A guardian serpent (Snake:1)
  A torpor snail (Lair:6)
  A gargoyle (D:11)
  21 black mambas
  6 centaur skeletons (D:11)
  10 cane toads
  An unseen horror (D:10)
  15 komodo dragons
  6 rime drakes
  A queen bee (Lair:4)
  A bloated husk (Swamp:4)
  5 trolls
  3 meliai (Lair:5)
  11 blink frogs
  7 tyrant leeches
  3 hornets
  A snapping turtle (Lair:6)
  8 polar bears
  A centaur simulacrum (D:10)
  4 flying skulls (D:11)
  2 spriggans
  3 shadows
  8 wraiths
  9 basilisks
  5 fire elementals (Orc:2)
  6 wyverns
  9 steam dragons
  Grum (D:11)
  37 yaks
  7 humans (Swamp:1)
  8 vampire mosquitoes
  A warg (Orc:2)
  A two-headed ogre zombie (D:10)
  2 acid dragons
  22 nagas
  10 swamp worms
  18 water moccasins
  2 hell hounds (Orc:2)
  5 ice beasts
  2 sky beasts
  14 swamp drakes
  6 black bears
  41 orc warriors
  12 ogres
  24 wolves
  5 centaurs
  3 phantoms
  2 kobold brigands
  16 bullfrogs
  4 scorpions
  A necrophage (Swamp:2)
  21 wights
  31 killer bees
  4 electric eels
  5 howler monkeys
  A lava snake (Swamp:4)
  5 hounds
  20 orc priests
  5 jellies
  5 iguanas
  22 orc wizards
  Natasha (thrice) (D:4)
  7 ogre zombies (D:10)
  11 adders
  2 gnolls (Bailey)
  3 shadow imps
  5 white imps
  3 ufetubi
  A worm (D:4)
  4 dart slugs
  118 orcs
  10 ball pythons
  7 bats
  7 endoplasms
  3 giant cockroaches
  17 goblins
  9 hobgoblins
  10 jackals
  2 quokkas
  2 frilled lizards
  2 goblin skeletons (D:10)
  2 goblin zombies (D:10)
  A hobgoblin skeleton (D:10)
  3 hobgoblin zombies (D:10)
  25 kobolds
  5 orc skeletons (D:10)
  12 orc zombies (D:10)
  3 rats
985 creatures vanquished.

Vanquished Creatures (others)
  A swamp dragon (Swamp:4)
  A salamander (Snake:4)
  2 bloated husks (Swamp:3)
  2 steam dragons (Swamp:4)
  3 swamp drakes (Swamp:4)
  2 orcs (D:10)
  18 foxfires
  26 fungi
  71 plants
126 creatures vanquished.

Grand Total: 1111 creatures vanquished

Notes
Turn   | Place    | Note
-------+----------+-------------------------------------------
     0 | D:1      | Bruhh the Troll Gladiator began the quest for the Orb.
     0 | D:1      | Reached XP level 1. HP: 19/19 MP: 0/0
   186 | D:1      | Found a faded altar of an unknown god.
   371 | D:1      | You fall into a shaft and drop 1 floor!
   524 | D:1      | Reached XP level 2. HP: 24/27 MP: 1/1
   999 | D:2      | Reached XP level 3. HP: 33/33 MP: 2/2
  1506 | D:2      | Reached skill level 5 in Unarmed Combat
  1506 | D:2      | Reached XP level 4. HP: 41/41 MP: 3/3
  2546 | D:4      | Got the Volume of Clay and the Entourage
  2579 | D:4      | Reached XP level 5. HP: 48/48 MP: 4/4
  2584 | D:4      | Upgraded the game from 0.29-a0-561-ga02bf68b3c to
                  | 0.29-a0-565-g7a16c6de65
  2663 | D:4      | Noticed Natasha
  2670 | D:4      | Killed Natasha
  2813 | D:4      | Reached XP level 6. HP: 50/55 MP: 5/5
  2865 | D:4      | Noticed Natasha
  2868 | D:4      | Killed Natasha
  3108 | D:4      | Noticed Natasha
  3114 | D:4      | Killed Natasha
  3359 | D:5      | Entered Level 5 of the Dungeon
  3440 | D:5      | Noticed Pikel
  3460 | D:5      | Killed Pikel
  3461 | D:5      | Reached XP level 7. HP: 42/62 MP: 6/6
  4098 | D:6      | Reached XP level 8. HP: 54/70 MP: 7/7
  4111 | D:6      | Reached skill level 10 in Unarmed Combat
  4456 | D:6      | Found a shimmering altar of Xom.
  4735 | D:6      | Found a staircase to the Ecumenical Temple.
  4738 | D:6      | Reached XP level 9. HP: 59/85 MP: 8/8
  4760 | Temple   | Entered the Ecumenical Temple
  5032 | Temple   | Became a worshipper of Warmaster Okawaru
  5174 | D:6      | Reached skill level 5 in Throwing
  5188 | D:6      | Found a snail-covered altar of Cheibriados.
  5759 | D:7      | Reached skill level 5 in Fighting
  5854 | D:7      | Identified the +4 hunting sling "Ahorphec" {venom, rC+
                  | Int+4}
  5894 | D:7      | Found a flagged portal.
  5923 | D:7      | Found Iloufid's Armour Shoppe.
  5958 | Bailey   | Entered a bailey
  5963 | Bailey   | Noticed an orc warlord
  6085 | Bailey   | Reached * piety under Okawaru
  6149 | Bailey   | Found a runed translucent gate.
  6150 | Bailey   | Found a runed translucent gate.
  6198 | Bailey   | Found a runed translucent gate.
  6291 | Bailey   | Acquired the +9 gold dragon scales "Wefelekh" {rPois rF+
                  | rC+ Will- Int+6}
  6360 | Bailey   | Killed an orc warlord
  6360 | Bailey   | Reached ** piety under Okawaru
  6361 | Bailey   | Reached XP level 10. HP: 100/100 MP: 6/9
  6394 | Bailey   | Acquired 371 gold pieces
  6416 | D:7      | Found a sparkling altar of Nemelex Xobeh.
  6510 | D:7      | Found Xesutewkax's Magic Scroll Boutique.
  6790 | D:7      | Bought a scroll of acquirement for 780 gold pieces
  6792 | D:7      | Acquired 929 gold pieces
  6963 | D:8      | Noticed a two-headed ogre
  6971 | D:8      | Killed a two-headed ogre
  6971 | D:8      | Reached *** piety under Okawaru
  6972 | D:8      | Reached skill level 1 in Armour
  7225 | D:8      | Reached **** piety under Okawaru
  7425 | D:8      | Noticed a two-headed ogre
  7433 | D:8      | Killed a two-headed ogre
  7433 | D:8      | Received a gift from Okawaru
  7577 | D:9      | Noticed a two-headed ogre
  7581 | D:9      | Killed a two-headed ogre
  7664 | D:9      | Received a gift from Okawaru
  7667 | D:9      | Reached XP level 11. HP: 90/109 MP: 10/10
  7817 | D:9      | Noticed supermoro's ghost (novice GrFi)
  7832 | D:9      | Reached skill level 5 in Armour
  8436 | D:9      | Found a transporter.
  8441 | D:9      | Found a transporter.
  8522 | D:9      | Reached skill level 10 in Throwing
  8559 | D:9      | Reached ***** piety under Okawaru
  8566 | D:10     | Entered Level 10 of the Dungeon
  8753 | D:10     | Found a portal to a secret trove of treasure.
  8798 | D:10     | Received a gift from Okawaru
  9000 | D:10     | Found a staircase to the Orcish Mines.
  9442 | D:11     | Noticed a boulder beetle
  9510 | D:11     | Noticed a four-headed hydra
  9557 | D:11     | Received a gift from Okawaru
  9557 | D:11     | Found the +4 robe of Folly {Brilliance Will-∞ Int+8}
  9615 | D:11     | Killed a boulder beetle
  9626 | D:11     | Found a staircase to the Lair.
  9667 | D:11     | Reached XP level 12. HP: 108/118 MP: 11/11
  9795 | D:11     | Killed a four-headed hydra
  9929 | D:11     | Received a gift from Okawaru
  9965 | D:11     | Reached skill level 1 in Invocations
 10348 | D:11     | Reached skill level 10 in Armour
 10376 | D:11     | Noticed Grum
 10378 | D:11     | Reached ****** piety under Okawaru
 10393 | D:11     | Killed Grum
 10429 | D:11     | Received a gift from Okawaru
 10770 | Lair:1   | Entered Level 1 of the Lair of Beasts
 10781 | Lair:1   | Reached skill level 5 in Invocations
 11510 | Lair:2   | Noticed a death yak
 11511 | Lair:2   | Noticed a death yak
 11519 | Lair:2   | Noticed a death yak
 11519 | Lair:2   | Noticed a death yak
 11520 | Lair:2   | Killed a death yak
 11520 | Lair:2   | Received a gift from Okawaru
 11528 | Lair:1   | Killed a death yak
 11529 | Lair:1   | Reached XP level 13. HP: 98/124 MP: 16/16
 11540 | Lair:2   | Found a staircase to the Swamp.
 12933 | Lair:3   | Noticed a dire elephant
 12960 | Lair:3   | Killed a dire elephant
 12960 | Lair:3   | Received a gift from Okawaru
 12960 | Lair:3   | Found the +1 robe of Vines {NoPotionHeal Regen++++}
 13017 | Lair:3   | Identified the ring "Yblob" {rElec EV+4 Dex+2}
 13249 | Lair:4   | Found a staircase to the Snake Pit.
 13506 | Lair:4   | Noticed Urug
 13522 | Lair:4   | Killed Urug
 14307 | Lair:5   | Found a large runed translucent door.
 14309 | Lair:5   | Found a large runed translucent door.
 14310 | Lair:5   | Noticed Iwniur's ghost (journeyman DDGl)
 14538 | Lair:5   | Reached XP level 14. HP: 127/133 MP: 20/20
 15323 | Lair:6   | Entered Level 6 of the Lair of Beasts
 15439 | Lair:6   | Reached skill level 10 in Invocations
 15625 | Lair:5   | Received a gift from Okawaru
 16431 | Lair:6   | Reached skill level 10 in Fighting
 16522 | Lair:6   | Received a gift from Okawaru
 16543 | Lair:6   | Found a staircase to the Slime Pits.
 16869 | Lair:6   | Identified the +4 troll leather armour of Satisfaction
                  | {Regen+ Dex+2} (Okawaru gifted it to you on level 6 of the
                  | Lair of Beasts)
 16869 | Lair:6   | Received a gift from Okawaru
 17057 | Orc:1    | Entered Level 1 of the Orcish Mines
 17244 | Orc:1    | Found a transporter.
 17247 | Orc:1    | Found a transporter.
 17247 | Orc:1    | Noticed an orc warlord
 17344 | Orc:1    | Noticed an orc warlord
 17555 | D:7      | Bought the +10 tower shield of Ignorance {rN+ Int-4} for
                  | 859 gold pieces
 17555 | D:7      | Found the +10 tower shield of Ignorance {rN+ Int-4}
 17725 | Orc:2    | Entered Level 2 of the Orcish Mines
 17725 | Orc:2    | Found Lour Fech's Book Boutique.
 17746 | Orc:2    | Reached skill level 1 in Shields
 18001 | Orc:2    | Found a staircase to the Elven Halls.
 18062 | Orc:2    | Paralysed by an orc sorcerer for 5 turns
 18135 | Orc:2    | Noticed Azrael
 18151 | Orc:2    | Killed Azrael
 18223 | Orc:2    | Found Doboigh's Armour Shop.
 18303 | Orc:2    | Noticed Erolcha
 18371 | Orc:2    | Killed Erolcha
 18544 | Orc:2    | Reached XP level 15. HP: 150/150 MP: 21/21
 18678 | Orc:2    | Reached skill level 5 in Shields
 18688 | Orc:2    | Found Aphyplef's Assorted Antiques.
 18693 | Orc:2    | Bought 2 potions of heal wounds for 320 gold pieces
 18806 | D:10     | You paid a toll of 13 potions of heal wounds to enter a
                  | treasure trove
 18807 | Trove    | Entered a treasure trove
 18810 | Trove    | Got the Guide on Toxic Creation
 18815 | Trove    | Gained mutation: Armour fits poorly on your strangely
                  | shaped body. [a shining eye]
 18816 | Trove    | Gained mutation: You have sharp toenails. [a shining eye]
 18820 | Trove    | Gained mutation: You are frail. (-10% HP) [a shining eye]
 18824 | Trove    | Lost mutation: Armour fits poorly on your strangely shaped
                  | body. [potion of mutation]
 18824 | Trove    | Lost mutation: You have sharp toenails. [potion of
                  | mutation]
 18824 | Trove    | Lost mutation: You are frail. (-10% HP) [potion of
                  | mutation]
 18824 | Trove    | Gained mutation: Your system is resistant to poisons.
                  | (rPois) [potion of mutation]
 18824 | Trove    | Gained mutation: You are somewhat resistant to further
                  | mutation. [potion of mutation]
 18829 | Trove    | Identified the +0 hat "Plog" {Int+4}
 18845 | Trove    | Identified the +7 morningstar "Ydifeyt" {chaos, rN+ Dex+4
                  | Stlth+}
 19077 | Orc:2    | Noticed Nessos
 19093 | Orc:2    | Killed Nessos
 19145 | Orc:2    | Noticed an orc warlord
 19404 | Orc:2    | Killed an orc warlord
 19426 | Orc:2    | Found Wobekkiff's Antique Weapon Emporium.
 19468 | Orc:2    | Found Hafeng's Antique Armour Shoppe.
 19618 | Swamp:1  | Entered Level 1 of the Swamp
 19626 | Swamp:1  | Received a gift from Okawaru
 19704 | Swamp:1  | Noticed Kirke
 19710 | Arena    | Entered the Arena
 19714 | Arena    | Noticed a sphinx
 19724 | Arena    | Killed Kirke
 20349 | Swamp:1  | Acquired the +3 hat of Pondering {ponderous, Will+ MP+10
                  | Int+5}
 20349 | Swamp:1  | Found the +3 hat of Pondering {ponderous, Will+ MP+10
                  | Int+5}
 20712 | Swamp:2  | Received a gift from Okawaru
 20862 | Swamp:2  | Noticed a tentacled monstrosity
 20873 | Swamp:2  | Killed a tentacled monstrosity
 20898 | Swamp:2  | Received a gift from Okawaru
 21246 | Swamp:3  | Received a gift from Okawaru
 21815 | Swamp:4  | Entered Level 4 of the Swamp
 21887 | Swamp:4  | Noticed a fenstrider witch
 21890 | Arena    | Entered the Arena
 21900 | Arena    | Killed a fenstrider witch
 21925 | Swamp:4  | Identified the +2 robe "Ewuqec" {rPois rC+} (Okawaru gifted
                  | it to you on level 4 of the Swamp)
 21925 | Swamp:4  | Received a gift from Okawaru
 22018 | Swamp:4  | Reached XP level 16. HP: 136/159 MP: 22/22
 22255 | Swamp:4  | Identified the +2 buckler of Good Intentions {Will- rCorr
                  | Str+5 Int-2}
 22322 | Swamp:4  | Reached skill level 10 in Shields
 22476 | Swamp:4  | Reached skill level 15 in Unarmed Combat
 22588 | Swamp:4  | Got a decaying rune of Zot
 22688 | Snake:1  | Entered Level 1 of the Snake Pit
 23988 | Snake:2  | Identified the +0 hat of Starshine {rC+ rN+++ rCorr Int+2
                  | Stlth-} (Okawaru gifted it to you on level 2 of the Snake
                  | Pit)
 23988 | Snake:2  | Received a gift from Okawaru
 24504 | Snake:2  | Reached skill level 15 in Throwing
 25102 | Snake:3  | Reached XP level 17. HP: 154/169 MP: 23/23
 25467 | Snake:3  | Received a gift from Okawaru
 26062 | Snake:4  | Entered Level 4 of the Snake Pit
 26084 | Snake:4  | Found a flickering gateway to a bazaar.
 26091 | Bazaar   | Entered a bazaar
 26219 | Bazaar   | Found Asyveg's Jewellery Emporium.
 26227 | Bazaar   | Bought the ring "Kiwot" {Fire Will+ Int+4 Stlth+} for 488
                  | gold pieces
 26279 | Bazaar   | Found Ahaorphock's Jewellery Emporium.
 26287 | Bazaar   | Bought the ring "Sijiozai" {+Blink Will+ rCorr EV+4 Str+3}
                  | for 607 gold pieces
 26324 | Bazaar   | Found Sula's Jewellery Boutique.
 26354 | Bazaar   | Found Zyull's Book Emporium.
 27342 | Snake:4  | Killed from afar by a shock serpent

Illustrated notes

Levels and vault maps discovered:
D:1:      minmay_arrival_up_and_down, layout_loops_corners,
          hellmonk_ecumenical_altar_pennies_from_heaven
D:2:      cheibrodos_greedy_goblins, layout_loops_corners
D:3:      layout_basic, kennysheep_another_room,
          hangedman_decor_clover_reticule, serial_bayou_pond_c
D:4:      layout_loops_ring, dreamdust_princess_corridor, uniq_natasha
D:5:      layout_basic, uniq_pikel
D:6:      layout_basic, minmay_temple_entry_junction_2, hangedman_feature_mirror
D:7:      layout_rooms, mainiacjoe_overflow_paths, enter_bailey_2, serial_shops,
          nicolae_shop_crystal, shop, minmay_misc_feat_doors
D:8:      layout_basic, special_room [special_room_orc], minmay_strange_pillars
D:9:      layout_cave_pods, gammafunk_ghost_hive
D:10:     layout_roguey, zombieorc2_lemuel, serial_ice, serial_ice_n,
          serial_ice_l, serial_ice_e, serial_ice_g, serial_ice_m, serial_ice_h,
          serial_ice_a, serial_ice_f, serial_ice_o, serial_ice_d, enter_trove_1
D:11:     hangedman_screamer, layout_long_grid, minmay_lair_entry_grove,
          uniq_grum
Temple:   mainiacjoe_temple_trianglar_array
Lair:1:   layout_regular_city, grunt_megastairs_5
Lair:2:   layout_regular_city, minmay_swamp_entry_reptiles
Lair:3:   layout_cave_shapes, nicolae_lair_lakeside_cave, serial_bayou_shore_b
Lair:4:   layout_small_grid, dummy_snake_entry, uniq_urug
Lair:5:   layout_hall_layers, ebering_ghost_disaster_area, special_room
          [special_room_bee], grunt_megastairs_1
Lair:6:   gammafunk_lair_ancient_temple, layout_regular_city, slime_dummy,
          serial_bayou_pond_e, guppyfry_lair_drakes
Swamp:1:  layout_falls_marsh, evilmike_swamp_ruin_house_1, swamp_pool1,
          uniq_kirke
Swamp:2:  layout_basic_swamp, evilmike_swamp_ruin_house_6,
          infiniplex_staircase_pool
Swamp:3:  layout_basic_swamp, serial_swamp_ruin, hangedman_swamp_ruin_wall,
          evilmike_swamp_ruin_house_2, swamp_pool4, hangedman_swamp_diagram
Swamp:4:  swamp_fiery, layout_basic_swamp, swamp_pool5
Snake:1:  layout_layer_cave
Snake:2:  layout_gridlike, st_stairs_1, serial_bayou_lake_a
Snake:3:  layout_onion_interference
Snake:4:  snake_pit, layout_cave_town, serial_shops, bzr_entry_dummy
Orc:1:    gammafunk_beogh_shrine, layout_diamond_mine, guppyfry_orc_lava_fort
Orc:2:    grunt_orc_community_town_hall, layout_caves,
          grunt_orc_community_big_house_2, grunt_orc_community_big_house_1,
          grunt_orc_community_house_2, grunt_orc_community_house_3,
          grunt_orc_community_house_2, grunt_orc_community_house_2,
          grunt_orc_community_house_2, serial_shops, nicolae_shop_stone,
          uniq_nessos, uniq_erolcha, uniq_azrael

Skill      XL: |  1  2  3  4  5  6  7  8  9 10 11 12 13 14 15 16 17 |
---------------+----------------------------------------------------+-----
Unarmed Combat | 4 5 6 9 10 11 12 14 15 | 15.0
Throwing       | 4 7 9 10 12 15 | 15.0
Fighting       | 4 6 7 10 11 | 11.3
Armour         | 4 8 10 11 | 11.0
Invocations    | 6 9 10 | 10.0
Shields        | 4 9 10 | 10.0
Dodging        | |  2.4

Action                   |  1- 3 |  4- 6 |  7- 9 | 10-12 | 13-15 | 16-18 || total
-------------------------+-------+-------+-------+-------+-------+-------++-------
Melee: Unarmed           |    99 |   131 |   201 |   680 |  1516 |   638 ||  3265
       Punch             |       |     5 |    15 |    40 |    51 |       ||   111
Throw: Boomerang         |       |       |    16 |    37 |   141 |   110 ||   304
       Large rock        |       |       |       |     7 |    11 |       ||    18
       Javelin           |       |       |       |       |    30 |       ||    30
Invok: Heroism           |       |       |     1 |       |     7 |     3 ||    11
       Finesse           |       |       |       |       |     5 |     2 ||     7
       Duel              |       |       |       |       |     2 |       ||     2
Evoke: Wand              |       |       |     1 |       |     6 |       ||     7
       Phial of floods   |       |       |       |       |     1 |       ||     1
  Use: Scroll            |       |       |    18 |     3 |    21 |     5 ||    47
       Potion            |       |       |     1 |       |     2 |     1 ||     4
 Stab: Sleeping          |     1 |     1 |     1 |       |       |       ||     3
Armor: Robe              |    38 |    36 |    24 |       |     4 |       ||   102
       Steam dragon scal |       |       |    19 |       |       |       ||    19
       Gold dragon scale |       |       |     3 |   866 |  1138 |   332 ||  2339
       Skin              |       |       |       |       |    27 |       ||    27
Dodge: Dodged            |    65 |    47 |    80 |   193 |   545 |   133 ||  1063
Block: Tower shield      |       |       |       |       |   978 |   965 ||  1943

Table legend: (Time is in decaauts)
 A = Elapsed time spent in this place.
 B = Non-inter-level travel time spent in this place.
 C = Inter-level travel time spent in this place.
 D = Time resting spent in this place.
 E = Time spent auto-exploring this place.
 F = Levels seen in this place.
 G = Mean time per level.
                   A        B        C        D        E       F      G
               +--------+--------+--------+--------+--------+-----+--------+
         Total |  27808 |  26042 |   1766 |   1507 |  18025 |  33 |  842.7 |
       Dungeon |  10084 |   9262 |    822 |    245 |   6967 |  11 |  916.7 |
        Temple |    299 |    273 |     26 |      0 |    268 |   1 |  299.0 |
          Lair |   6205 |   5854 |    351 |    653 |   3765 |   6 | 1034.2 |
         Swamp |   3419 |   3261 |    158 |     12 |   2309 |   4 |  854.8 |
     Snake Pit |   4453 |   4372 |     81 |    417 |   3118 |   4 | 1113.2 |
  Orcish Mines |   2214 |   1888 |    326 |    180 |    906 |   2 | 1107.0 |
        Bazaar |    521 |    521 |      0 |      0 |    466 |   1 |  521.0 |
         Trove |    126 |    126 |      0 |      0 |      0 |   1 |  126.0 |
        Bailey |    445 |    445 |      0 |      0 |    212 |   1 |  445.0 |
         Arena |     39 |     39 |      0 |      0 |     12 |   2 |   19.5 |
               +--------+--------+--------+--------+--------+-----+--------+

Top non-repeatable levels by time:
 Snake:3: 1684 daAuts
  Lair:5: 1493 daAuts
 Snake:1: 1415 daAuts
    D:10: 1311 daAuts
   Orc:2: 1302 daAuts
     D:6: 1179 daAuts
  Lair:4: 1177 daAuts
  Lair:6: 1140 daAuts
 Snake:2: 1041 daAuts
     D:9: 996 daAuts
    D:11: 963 daAuts
     D:2: 914 daAuts
   Orc:1: 912 daAuts
  Lair:3: 910 daAuts
 Swamp:2: 903 daAuts
